AoeStats
← Net Yaroze

Arabia

509952113Analyzed
1v1 RM · 3d ago on Sep 28, 2026· 23m 7s· 2 players
Game mode
Random Map
Map size
Tiny (2 player)
Population
200
Speed
Normal
Resources
Standard
Victory
Conquest
Starting age
Dark Age
Ending age
Imperial Age
RankedLock teamsTeams togetherTeam positionsShared explorationLock speedFull tech treeHidden civsTurbo modeCheats
Victory
Defeat
🇬🇧 Magyars · United Kingdom
800
+15
🇬🇧 Turks · United Kingdom
779
-38
Pán (:
3:12 Loom
8:04 Loom
12:13 Feudal Age
12:44 Double-Bit Axe
14:09 Horse Collar
19:56 Forging
Net Yaroze
5:23 Loom
11:44 Feudal Age
12:36 Double-Bit Axe
13:20 Horse Collar
14:03 Horse Collar
18:10 Bloodlines
19:32 Scale Barding Armor
Connection lost

Rejoining the realm…

Still unreachable

The connection could not be restored.

Session expired

The server has moved on; the page needs a fresh start.